 Dungeon Crawl Stone Soup version 0.30.1 (webtiles) character file.

Game seed: 9218736119291000465

13113 monsoonserge the Arsonist (level 12, -1/101 HPs)
             Began as a Meteoran Cinder Acolyte on July 10, 2023.
             Was a High Priest of Ignis.
             Asphyxiated
             ... on level 9 of the Dungeon on July 11, 2023.
             The game lasted 00:52:38 (4640 turns).

monsoonserge the Arsonist (Meteoran Cinder Acolyte) Turns: 4640, Time: 00:52:39

Health: -1/101     AC: 22    Str: 19    XL:     12   Next: 59%
Magic:  1/16       EV:  9    Int: 18    God:    Ignis [*****.]
Gold:   419        SH:  3    Dex: 10    Spells: 7/15 levels left

rFire   + + .        b - staff of fire
rCold   . . .        m - +0 buckler
rNeg    + . .        L - +3 chain mail
rPois   .            f - +0 helmet
rElec   .            (no cloak)
rCorr   .            (no gloves)
SInv    .            (no boots)
Will    ++...        (no amulet) Stlth
                     D - ring of positive energy
HPRegen 0.36/turn    F - ring of willpower
MPRegen 0.15/turn

%: no passive effects
@: mighty, lethally poisoned (-1 -> -19), fiery-armoured, glowing, very slow
A: sense surroundings 2, otherworldly, glowing, explore regen
a: Renounce Religion, Fiery Armour, Foxfire Swarm, Rising Flame


You were on level 9 of the Dungeon.
You worshipped Ignis.
Ignis was extremely pleased with you.
You visited 1 branch of the dungeon, and saw 9 of its levels.
You also visited: Bailey.

You collected 503 gold pieces.
You spent 84 gold pieces at shops.

Inventory:

Hand Weapons
 a - a +4 spear of venom
Missiles
 g - 12 poisoned darts (quivered)
 i - 3 atropa-tipped darts
 q - 2 throwing nets
 r - 5 curare-tipped darts
Armour
 f - a +0 helmet (worn)
 k - a +0 ring mail
 m - a +0 buckler (worn)
 L - a +3 chain mail (worn)
Magical Staves
 b - a staff of fire (weapon)
 h - a staff of air
Jewellery
 p - a ring of flight
 w - a ring of resist corrosion
 D - a ring of positive energy (left hand)
 F - a ring of willpower (right hand)
Wands
 s - a wand of mindburst (21)
 v - a wand of charming (10)
 z - a wand of roots (12)
 E - a wand of flame (15)
 H - a wand of light (6)
 I - a wand of digging (7)
Scrolls
 d - 3 scrolls of teleportation
 j - 4 scrolls of enchant weapon
 t - a scroll of noise {unknown}
 y - a scroll of blinking {unknown}
 C - a scroll of vulnerability {unknown}
 G - a scroll of immolation
 J - a scroll of fog
 K - 2 scrolls of brand weapon
 M - a scroll of identify
 N - 2 scrolls of enchant armour
 P - a scroll of butterflies
Potions
 c - 2 potions of attraction
 e - 6 potions of haste
 l - 7 potions of curing
 n - a potion of magic {unknown}
 o - a potion of cancellation {unknown}
 u - a potion of lignification
 x - 2 potions of resistance
 A - a potion of might
 B - a potion of heal wounds {unknown}
 O - 2 potions of brilliance


   Skills:
 + Level 7.8 Fighting
 - Level 7.0 Maces & Flails
 + Level 6.0 Polearms
 + Level 0.5(5.5) Staves
 + Level 1.0 Throwing
 + Level 7.8 Armour
 + Level 3.7 Dodging
 * Level 1.4 Shields
 - Level 2.0 Spellcasting
 * Level 10.3 Conjurations
 + Level 14.5 Fire Magic
 + Level 2.0 Evocations


You had 7 spell levels left.
You knew the following spells:

 Your Spells              Type           Power      Damage    Failure   Level
a - Foxfire               Conj/Fire      100%       2x1d9     1%          1
b - Scorch                Fire           100%       2d9       1%          2
c - Fireball              Conj/Fire      31%        3d13      26%         5

Your spell library contained the following spells:

 Spells                   Type           Power      Damage    Failure   Level
 Static Discharge         Conj/Air       40%        2-4/arc   28%         2
 Stone Arrow              Conj/Erth      40%        3d9       50%         3
 Starburst                Conj/Fire      31%        6d10      82%         6
 Summon Small Mammal      Summ           4%         N/A       83%         1
 Ensorcelled Hibernation  Hex/Ice        2%         N/A       93%         2
 Call Canine Familiar     Summ           1%         N/A       99%         3
 Gell's Gravitas          Tloc           1%         N/A       99%         3
 Ozocubu's Armour         Ice            1%         N/A       99%         3
 Spider Form              Tmut/Pois      1%         N/A       99%         3
 Summon Guardian Golem    Hex/Summ       1%         N/A       99%         3
 Teleport Other           Tloc           1%         N/A       99%         3
 Tukima's Dance           Hex            1%         N/A       99%         3
 Airstrike                Air            0%         2d(1-17)  100%        4
 Anguish                  Hex/Necr       0%         N/A       100%        4
 Animate Armour           Summ/Erth      2%         N/A       100%        4
 Cause Fear               Hex            0%         N/A       100%        4
 Passage of Golubria      Tloc           1%         N/A       100%        4
 Summon Lightning Spire   Summ/Air       1%         N/A       100%        4
 Metabolic Englaciation   Hex/Ice        0%         N/A       100%        5
 Yara's Violent Unravell  Hex/Tmut       0%         3d3       100%        5
 Dispersal                Tloc           0%         N/A       100%        6
 Plasma Beam              Fire/Air       20%        2x1d35    100%        6
 Simulacrum               Ice/Necr       0%         N/A       100%        6
 Enfeeble                 Hex            0%         N/A       100%        7
 Lehudib's Crystal Spear  Conj/Erth      10%        10d4      100%        8


Dungeon Overview and Level Annotations

Branches:
Dungeon (9/15) Zot: 1337   Temple (0/1) D:6          Bailey (visited)
   Lair: D:8-11         Orc: D:9-12

Altars:
Qazlal
Lugonu

Shops:
D:1 [   D:4 !   D:7 :

Portals:
Abyss: D:9

Annotations:
D:4 1 transporter, Dordric's ghost, amateur DjWr


Innate Abilities, Weirdness & Mutations

You passively map the area around you.
You are easily found by Zot.
You glow in the dark.
You regain HP and MP as you explore.


Message History

Press: ? - help, Shift-Dir - straight line, f/p - kobold demonologist
Aim: a kobold demonologist, wielding a +2 dagger of distortion and wearing a +0 robe (almost dead, blind, 60% to hit)
The bolt of light hits the rust devil!
The rust devil is moderately wounded.
The rust devil is blinded.
The bolt of light misses the kobold demonologist.
The kobold demonologist miscasts a cantrip.
You block the rust devil's attack.
Aiming: Bolt of Light
Press: ? - help, Shift-Dir - straight line, f/p - kobold demonologist
Aim: a kobold demonologist, wielding a +2 dagger of distortion and wearing a +0 robe (almost dead, blind, 60% to hit)
The bolt of light hits the rust devil.
The rust devil is heavily wounded.
The bolt of light hits the kobold brigand!
The kobold brigand is severely wounded.
The kobold brigand is blinded.
The bolt of light hits the orange demon!
The orange demon is moderately wounded.
The orange demon is blinded.
The bolt of light hits the kobold demonologist!
You kill the kobold demonologist!
The orange demon disappears in a puff of smoke!
The rust devil disappears in a puff of smoke!
Press: ? - help, v - describe, . - travel
Here: a kobold brigand, wielding a +0 rapier of distortion and quivering curare-tipped darts (blue smoke, severely wounded, blind)
The floor.
Casting: Foxfire (safe; 1% risk of failure)
Confirm with . or Enter, or press ? or * to list all spells.
You feel a surge of power!
You conjure some foxfire!
You enter the shallow water.
Moving in this stuff is going to be slow.
The foxfire hits the kobold brigand but does no damage.
The kobold brigand is severely wounded.
The foxfire hits the kobold brigand.
The kobold brigand is almost dead.
The kobold brigand throws a curare-tipped dart.
The curare-tipped dart hits you.
You are lethally poisoned!
You have difficulty breathing.
You die...

.......## ###.......#
........# #.........###
, , .......##
#.#..~.####≈# , ......##
##...P.~#≈#≈≈# ,
....#.#####...~~~≈≈≈≈≈ *
* *
#..###)##.[..~÷≈≈≈≈≈≈# *
#### ##(......~≈≈≈≈###
##...~~~~≈≈≈≈### *
#....~~~≈≈≈@~..## * , .#
#.....≈≈≈~[§....# , ,
#.# #...~~~≈.≈~§§...## ,
#.. #....≈≈≈~...§.K..##
* * #..#
#..P.~≈≈.~........# , ,,
#... #.~~≈≈≈[~.........#
,,,
#...##.~~≈≈≈~~~.[......#
,
#....#..~≈≈≈≈......)...#
,
#......~~≈≈~~~.........#
,


You could see a kobold brigand (blind).

Vanquished Creatures
  A wizard (D:9)
  An ugly thing (D:9)
  A cyclops (D:7)
  A kobold demonologist (D:9)
  A troll (D:9)
  3 yaks (D:8)
  A steam dragon (D:7)
  6 water moccasins
  18 orc warriors
  4 ice beasts
  A black bear (D:6)
  An ogre (D:5)
  A centaur (D:9)
  A phantom (D:6)
  A kobold brigand (D:9)
  Blork the orc (D:5)
  2 bullfrogs (D:8)
  A gnoll sergeant (D:9)
  4 scorpions
  8 wights
  5 killer bees (D:9)
  3 howler monkeys (D:8)
  3 electric eels (D:9)
  A crimson imp (D:9)
  3 hounds
  4 orc priests
  2 jellies
  4 iguanas
  3 sleepcaps
  A gnoll bouda (D:6)
  Natasha (D:3)
  10 orc wizards
  6 adders
  16 gnolls
  A shadow imp (D:6)
  An ufetubus (D:4)
  A worm (D:2)
  3 dart slugs
  39 orcs
  5 ball pythons
  10 endoplasms
  2 giant cockroaches (D:2)
  17 goblins
  13 hobgoblins
  10 jackals
  8 kobolds
  A quokka (D:2)
  2 bats (D:2)
  2 frilled lizards
  7 rats
242 creatures vanquished.

Vanquished Creatures (others)
  2 gnolls (D:7)
  480 foxfires
482 creatures vanquished.

Grand Total: 724 creatures vanquished

Notes
Turn   | Place    | Note
-------+----------+-------------------------------------------
     0 | D:1      | monsoonserge the Meteoran Cinder Acolyte began the quest
                  | for the Orb.
     0 | D:1      | Reached XP level 1. HP: 19/19 MP: 3/3
   221 | D:1      | Reached skill level 4 in Fire Magic
   221 | D:1      | Reached XP level 2. HP: 26/26 MP: 5/5
   224 | D:1      | Learned a level 2 spell: Scorch
   319 | D:1      | Reached XP level 3. HP: 31/31 MP: 3/6
   334 | D:1      | Found Luoshe's Antique Armour Emporium.
   609 | D:2      | Learned a level 1 spell: Foxfire
   648 | D:2      | Reached XP level 4. HP: 35/38 MP: 0/8
   751 | D:2      | Reached skill level 1 in Conjurations
   925 | D:3      | Reached XP level 5. HP: 44/45 MP: 2/9
   928 | D:3      | Reached skill level 5 in Fire Magic
  1210 | D:3      | Reached skill level 1 in Armour
  1244 | D:3      | Noticed Natasha
  1254 | D:3      | Killed Natasha
  1256 | D:3      | Reached XP level 6. HP: 29/51 MP: 0/10
  1280 | D:4      | Found a transporter.
  1287 | D:4      | Reached skill level 1 in Dodging
  1298 | D:4      | Noticed Dordric's ghost (amateur DjWr)
  1299 | D:4      | Identified the +6 giant club of a bailey {flame, rN++
                  | Int+3}
  1299 | D:4      | Noticed an ogre
  1326 | D:4      | Reached skill level 5 in Maces & Flails
  1396 | D:4      | Reached XP level 7. HP: 52/58 MP: 5/11
  1441 | D:4      | Reached skill level 6 in Fire Magic
  1494 | D:4      | Found Siup's Distillery.
  1503 | D:4      | Bought a potion of lignification for 42 gold pieces
  1503 | D:4      | Bought a potion of curing for 42 gold pieces
  1571 | D:5      | Entered Level 5 of the Dungeon
  1696 | D:5      | Reached skill level 1 in Throwing
  1696 | D:5      | Reached skill level 1 in Evocations
  1764 | D:5      | Noticed Blork the orc
  1771 | D:5      | Killed Blork the orc
  1788 | D:5      | Reached XP level 8. HP: 56/66 MP: 2/12
  1907 | D:5      | Found a stormy altar of Qazlal.
  2075 | D:6      | Reached skill level 7 in Fire Magic
  2166 | D:6      | Reached skill level 5 in Armour
  2297 | D:6      | Found a staircase to the Ecumenical Temple.
  2324 | D:6      | Gained mutation: You passively map the area around you.
                  | [Meteoran growth]
  2324 | D:6      | Reached XP level 9. HP: 67/71 MP: 3/13
  2356 | D:6      | Reached skill level 8 in Fire Magic
  2823 | D:7      | Reached skill level 9 in Fire Magic
  3002 | D:7      | Reached XP level 10. HP: 64/80 MP: 5/14
  3036 | D:7      | Reached skill level 10 in Fire Magic
  3114 | D:7      | Found Reoxas's Vocational Training.
  3135 | D:7      | Noticed a cyclops
  3146 | D:7      | Killed a cyclops
  3147 | D:7      | Reached skill level 5 in Conjurations
  3182 | D:8      | Reached skill level 11 in Fire Magic
  3187 | D:8      | You fall into a shaft and drop 1 floor!
  3215 | D:9      | Noticed a wizard
  3231 | D:9      | Killed a wizard
  3232 | D:9      | Reached skill level 5 in Fighting
  3249 | D:9      | Learned a level 5 spell: Fireball
  3274 | D:9      | Reached skill level 12 in Fire Magic
  3576 | D:9      | Found a large runed translucent door.
  3576 | D:9      | Found a large runed translucent door.
  3592 | D:9      | Noticed a kobold demonologist
  3593 | D:9      | Found a corrupted altar of Lugonu.
  3622 | D:9      | Reached XP level 11. HP: 74/86 MP: 3/15
  3629 | D:9      | Found a one-way gate to the infinite horrors of the Abyss.
  3688 | D:8      | Found a flagged portal.
  3693 | Bailey   | Entered a bailey
  3820 | Bailey   | Reached skill level 1 in Polearms
  3989 | Bailey   | Noticed an orc warlord
  4202 | Bailey   | Glimpsed the power of Zot.
  4252 | Bailey   | Glimpsed the power of Zot.
  4280 | Bailey   | Reached skill level 5 in Polearms
  4280 | Bailey   | Reached skill level 10 in Conjurations
  4280 | Bailey   | Reached skill level 14 in Fire Magic
  4280 | Bailey   | Reached XP level 12. HP: 101/101 MP: 16/16
  4292 | Bailey   | Glimpsed the power of Zot.
  4629 | D:9      | HP: 1/101 [kobold demonologist/+2 dagger of distortion
                  | (21)]
  4635 | D:9      | Reached skill level 1 in Shields
  4640 | D:9      | Asphyxiated

Illustrated notes

Levels and vault maps discovered:
D:1:      saegor_arrival_simple_a, layout_basic, serial_shops, shop
D:2:      minmay_diamond_boxcup, layout_loops_ring,
          chequers_serial_rivers_micro_b
D:3:      layout_rooms, interstate_on_off, uniq_crazy_yiuf_cottage, uniq_natasha
D:4:      layout_cave_pools, serial_shops, nicolae_square_shop,
          gammafunk_ghost_smash
D:5:      layout_basic, kennysheep_mini_moat, uniq_blork_the_orc
D:6:      layout_rooms, minmay_temple_entry_from_below_a, corner_web_ring
D:7:      layout_basic, chequers_serial_rivers_small_b, nicolae_shop_vocational
D:8:      layout_rooms, enter_bailey_3
D:9:      due_chaos_kobolds, layout_cave_pods, chequers_serial_rivers_room_a,
          chequers_serial_rivers_micro_a, kennysheep_donut, chequers_big_river,
          lightli_wizard_tower

Skill      XL: |  1  2  3  4  5  6  7  8  9 10 11 12 |
---------------+-------------------------------------+-----
Fire Magic     | 4 5 6 7 9 12 14 | 14.5
Spellcasting   | 2 |  2.0
Conjurations   | 1 2 3 4 7 10 | 10.3
Armour         | 1 2 3 5 7 |  7.8
Dodging        | 1 2 3 |  3.7
Maces & Flails | 5 6 7 |  7.0
Fighting       | 4 5 7 |  7.8
Throwing       | 1 |  1.0
Evocations     | 1 2 |  2.0
Polearms       | 5 6 |  6.0
Shields        | 1 |  1.4
Staves         | |  0.5

Action                     |  1- 3 |  4- 6 |  7- 9 | 10-12 || total
---------------------------+-------+-------+-------+-------++-------
  Melee: Mace              |    34 |    55 |    65 |    22 ||   176
         Punch             |     1 |       |     1 |       ||     2
         Spear             |       |       |       |    97 ||    97
         Staff             |       |       |       |    28 ||    28
   Cast: Scorch            |    20 |    27 |    74 |    62 ||   183
         Foxfire           |     1 |    33 |    68 |   171 ||   273
 Invoke: Fiery Armour      |       |       |       |     3 ||     3
  Evoke: Wand              |       |       |       |     5 ||     5
    Use: Potion            |       |       |       |     3 ||     3
         Scroll            |       |       |       |    11 ||    11
 Armour: Robe              |     7 |     5 |       |       ||    12
         Ring mail         |       |    32 |    46 |    11 ||    89
         Chain mail        |       |       |       |   111 ||   111
  Dodge: Dodged            |    26 |    53 |    59 |   106 ||   244
  Block: Buckler           |       |       |       |     4 ||     4
